 Dungeon Crawl Stone Soup version 0.22.1-1-ga44c0e56f4 (webtiles) character file.

231 Divind the Scratcher (level 5, -2/25 HPs)
             Began as a Felid Berserker on Oct 3, 2018.
             Was a Priest of Trog.
             Slain by a worker ant (6 damage)
             ... on level 4 of the Dungeon on Oct 27, 2018.
             The game lasted 00:11:06 (2375 turns).

Divind the Scratcher (Felid Berserker)              Turns: 2375, Time: 00:11:06

Health: -2/25      AC:  2    Str: 14    XL:     5   Next: 72%
Magic:  6/6        EV: 21    Int:  8    God:    Trog [***...]
Gold:   110        SH:  0    Dex: 17    Spells: 4/4 levels left
                                        Lives:  0   Deaths: 1

rFire    x . .     SeeInvis +     - Unarmed
rCold    + . .     Gourm    .   (shield unavailable)
rNeg     . . .     Faith    .   (armour unavailable)
rPois    +         Spirit   .   (helmet unavailable)
rElec    .         Reflect  .   (cloak unavailable)
rCorr    .         Harm     .   (gloves unavailable)
MR       .....                  (boots unavailable)
Stlth    +++.......             (no amulet)
HPRegen  0.08/turn              o - ring of ice
MPRegen  0.10/turn              (no ring)

@: quick
A: very small, no armour, no weapons or thrown items, stealth, antennae 1, claws
1, fangs 3, see invisible, carnivore, speed 1, poison resistance, shaggy fur 2,
slow metabolism 1, sharp paws
a: Berserk, Trog's Hand, Renounce Religion


You were on level 4 of the Dungeon.
You worshipped Trog.
Trog was most pleased with you.
You were not hungry.

You visited 1 branch of the dungeon, and saw 4 of its levels.

You collected 110 gold pieces.

Inventory:

Jewellery
 o - a ring of ice (left paw)
Wands
 n - a wand of enslavement (15)
Scrolls
 b - 8 scrolls of identify {unknown}
 c - 2 scrolls of amnesia {unknown}
 d - a scroll of fog {unknown}
 e - a scroll of remove curse {unknown}
 f - 2 scrolls of fear {unknown}
 g - a scroll of teleportation {unknown}
 i - 2 scrolls of random uselessness {unknown}
 j - 3 scrolls of enchant weapon {unknown}
 l - a scroll of magic mapping {unknown}
Potions
 h - a potion of brilliance {unknown}
 k - 2 potions of invisibility {unknown}
 m - a potion of curing
 p - a potion of heal wounds
 q - a potion of flight {unknown}
 r - a potion of berserk rage
Comestibles
 a - 10 rations


   Skills:
 + Level 3.7 Fighting
 + Level 5.3 Dodging
 + Level 3.6 Stealth
 + Level 5.6 Unarmed Combat


You had 4 spell levels left.
You didn't know any spells.
Your spell library was empty.

Dungeon Overview and Level Annotations

Branches:
Dungeon (4/15)
 Temple: D:4-7

Altars:
Cheibriados
Nemelex Xobeh
Okawaru
Wu Jian
Xom
Yredelemnul


Innate Abilities, Weirdness & Mutations

You cannot wear armour.
You are incapable of wielding weapons or throwing items.
Your paws allow you to move quietly. (Stealth)
You have sharp claws.
You have razor-sharp teeth.
You have supernaturally acute eyesight. (SInv)
You are carnivorous and can eat meat at any time.
You cover ground quickly.
You are covered in thick fur. (AC +2)
You have a slow metabolism.
Your sharp claws are effective at attacking unaware monsters.
You have a pair of small antennae on your head.
Your system is resistant to poisons. (rPois)


Message History

The ogre hits you with a giant spiked club!
You barely miss the ogre. You claw the ogre.
The ogre is severely wounded.
The worker ant misses you.
You scratch the ogre.
The ogre is severely wounded.
The ogre closely misses you. The worker ant bites you.
You claw the ogre!
You kill the ogre!
Trog accepts your kill. The worker ant bites you!
* * * LOW HITPOINT WARNING * * *
You scratch the worker ant but do no damage.
The worker ant misses you.
Unknown command.
You barely miss the worker ant. The worker ant closely misses you.
You claw the worker ant!
The worker ant is severely wounded.
The worker ant bites you.
You die...

.%....... #.
.......## .<#
...[..... ....
$........ ....#
#...$..#
>....##.....###
.......a.......
#.@)......
#.......##
##.....##
##...## ####


You could see a worker ant.

Vanquished Creatures
  An ogre (D:4)
  A bullfrog (D:2)
  An orc priest (D:3)
  Terence (D:3)
  Natasha (thrice) (D:2)
  2 adders
  An ooze (D:3)
  2 dart slugs
  A leopard gecko (D:2)
  4 orcs (D:3)
  3 ball pythons (D:1)
  4 giant cockroaches (D:1)
  6 goblins
  5 hobgoblins
  6 jackals (D:1)
  A quokka (D:3)
  2 bats
  3 frilled lizards
  8 kobolds
  7 rats
62 creatures vanquished.

Notes
Turn   | Place    | Note
-------+----------+-------------------------------------------
     0 | D:1      | Divind the Felid Berserker began the quest for the Orb.
     0 | D:1      | Reached XP level 1. HP: 10/10 MP: 2/2
   189 | D:1      | Reached XP level 2. HP: 12/14 MP: 3/3
   303 | D:1      | Found an iron altar of Okawaru.
   331 | D:1      | Gained mutation: Your system is resistant to poisons.
                  | (rPois) [potion of mutation]
   331 | D:1      | Gained mutation: You have a pair of small antennae on your
                  | head. [potion of mutation]
   466 | D:1      | Reached ** piety under Trog
   481 | D:1      | Reached XP level 3. HP: 17/17 MP: 4/4
   701 | D:2      | Noticed a bullfrog
   712 | D:2      | Killed a bullfrog
   712 | D:2      | Reached skill level 1 in Stealth
   712 | D:2      | Reached XP level 4. HP: 17/21 MP: 5/5
  1000 | D:2      | Noticed Natasha
  1008 | D:2      | Killed Natasha
  1008 | D:2      | Reached skill level 5 in Dodging
  1008 | D:2      | Reached XP level 5. HP: 11/25 MP: 6/6
  1376 | D:2      | Noticed Natasha
  1385 | D:2      | Killed Natasha
  1537 | D:2      | Noticed Natasha
  1549 | D:2      | Killed Natasha
  1630 | D:3      | Noticed Terence
  1631 | D:3      | Killed Terence
  1631 | D:3      | Reached skill level 5 in Unarmed Combat
  1835 | D:3      | Gained mutation: You are covered in thick fur. (AC +2)
                  | [Felid growth]
  1835 | D:3      | Reached XP level 6. HP: 4/28 MP: 7/7
  1838 | D:3      | HP: 1/28 [poisoned by a kobold]
  1840 | D:3      | Succumbed to a kobold's poison
  1841 | D:3      | Reached XP level 5. HP: 0/25 MP: 6/6
  1870 | D:3      | Reached *** piety under Trog
  2040 | D:3      | Found a snail-covered altar of Cheibriados.
  2042 | D:3      | Found a shimmering altar of Xom.
  2042 | D:3      | Found a basalt altar of Yredelemnul.
  2050 | D:3      | Found a sparkling altar of Nemelex Xobeh.
  2058 | D:3      | Found an ornate altar of the Wu Jian Council.
  2366 | D:4      | Noticed an ogre
  2372 | D:4      | Killed an ogre
  2375 | D:4      | Slain by a worker ant

Skill      XL: |  1  2  3  4  5 |
---------------+----------------+-----
Stealth        | 1 2 3 |  3.6
Unarmed Combat | 4 5 |  5.6
Dodging        | 5 |  5.3
Fighting       | |  3.7

Action                   |  1- 3 |  4- 6 || total
-------------------------+-------+-------++-------
Melee: Unarmed           |    55 |    86 ||   141
       Bite              |     7 |    10 ||    17
       Punch             |     1 |     4 ||     5
Invok: Berserk           |     4 |       ||     4
  Use: Potion            |     4 |       ||     4
 Stab: Sleeping          |     2 |     7 ||     9
       Distracted        |       |     1 ||     1
  Eat: Ration            |     1 |     1 ||     2
Armor: Skin              |     3 |     1 ||     4
Dodge: Dodged            |    43 |    40 ||    83
